 Dungeon Crawl Stone Soup version 0.30.1-4-g462c640d31 (webtiles) character file.

Game seed: 2587011626077807485

47983 Zeor the Fencer (level 14, -8/132 HPs)
             Began as a Minotaur Monk on Aug 16, 2023.
             Was the Champion of Zin.
             Mangled by a skeletal warrior
             ... wielding the +4 mace "Eraeleet" {speed, +Blink}
              (18 damage)
             ... on level 12 of the Dungeon on Aug 17, 2023.
             The game lasted 01:04:38 (21741 turns).

Zeor the Fencer (Minotaur Monk)                    Turns: 21741, Time: 01:04:40

Health: -8/132     AC: 22    Str: 18    XL:     14   Next: 10%
Magic:  6/6        EV: 16    Int:  7    God:    Zin [******]
Gold:   936        SH:  0    Dex: 16    Spells: 13/13 levels left

rFire   . . .        a - +2 great sword (antimagic)
rCold   + . .        (shield currently unavailable)
rNeg    . . .        s - +2 chain mail {rC+}
rPois   .            (helmet restricted)
rElec   .            C - +1 cloak
rCorr   .            l - +1 pair of gloves
SInv    .            w - +0 pair of boots
Will    +....        (no amulet) Stlth
                     G - +5 ring of evasion
HPRegen 0.42/turn    (no ring)
MPRegen 0.10/turn

%: no passive effects
@: about to teleport, on recite cooldown
A: horns 2, retaliatory headbutt
a: Renounce Religion, Recite, Vitalisation, Imprison, Sanctuary, Donate Gold


You were on level 12 of the Dungeon.
You worshipped Zin.
Zin was exalted by your worship.
You visited 3 branches of the dungeon, and saw 18 of its levels.
You also visited: Volcano.

You collected 1577 gold pieces.
You spent 428 gold pieces at shops.
You donated 213 gold pieces to Zin.

Inventory:

Hand Weapons
 a - a +2 antimagic great sword (weapon)
 b - a +4 scimitar of flaming
 h - a +1 scimitar of flaming
 I - a +3 longbow of flaming
 J - a +0 arbalest
Missiles
 n - 42 poisoned darts
 o - 5 javelins (quivered)
Armour
 d - an orb of light
 f - a +1 plate armour
 l - a +1 pair of gloves (worn)
 s - a +2 chain mail of cold resistance (worn)
 w - a +0 pair of boots (worn)
 C - a +1 cloak (worn)
Jewellery
 g - the ring of the Trout {Ice SInv}
   (You found it on level 6 of the Dungeon)

   [ring of ice]

   It enhances your ice magic.
   rF:        It makes you vulnerable to fire.
   rC:        It protects you from cold.
   SInv:      It lets you see invisible.
 m - a ring of ice
 G - a +5 ring of evasion (left hand)
 H - a ring of see invisible
Wands
 t - a wand of flame (13)
 x - a wand of light (15)
Scrolls
 e - 5 scrolls of teleportation
 i - 3 scrolls of amnesia
 q - a scroll of silence
 u - 2 scrolls of fear
 v - a scroll of enchant weapon
 y - 2 scrolls of poison
 B - 2 scrolls of blinking
 D - 3 scrolls of identify
 E - 2 scrolls of fog
Potions
 c - 2 potions of ambrosia
 j - 6 potions of curing
 k - a potion of invisibility
 p - a potion of cancellation
 r - a potion of magic
 z - 3 potions of flight
 A - a potion of attraction
Miscellaneous
 F - a tin of tremorstones (2/2)


   Skills:
 * Level 14.2 Fighting
 + Level 16.4 Long Blades
 + Level 1.4 Throwing
 + Level 14.8 Armour
 + Level 7.1 Dodging
 - Level 2.0 Stealth
 * Level 10.3 Invocations


You had 13 spell levels left.
You didn't know any spells.
Your spell library contained the following spells:

 Spells                   Type           Power      Damage    Failure   Level
 Apportation              Tloc           0%         N/A       93%         1
 Sandblast                Erth           0%         2d4       93%         1
 Blink                    Tloc           0%         N/A       98%         2
 Cigotuvi's Dreadful Rot  Necr/Pois/Air  0%         N/A       98%         2
 Ensorcelled Hibernation  Hex/Ice        0%         N/A       98%         2
 Passwall                 Tmut/Erth      0%         N/A       98%         2
 Frozen Ramparts          Ice            0%         1d1       100%        3
 Ignite Poison            Fire/Tmut/Pois 0%         N/A       100%        3
 Portal Projectile        Hex/Tloc       0%         N/A       100%        3
 Stone Arrow              Conj/Erth      0%         3d7       100%        3
 Swiftness                Air            0%         N/A       100%        3
 Tukima's Dance           Hex            0%         N/A       100%        3
 Anguish                  Hex/Necr       0%         N/A       100%        4
 Cause Fear               Hex            0%         N/A       100%        4
 Ice Form                 Ice/Tmut       0%         N/A       100%        4
 Leda's Liquefaction      Hex/Erth       0%         N/A       100%        4
 Manifold Assault         Tloc           0%         N/A       100%        4
 Passage of Golubria      Tloc           0%         N/A       100%        4
 Summon Ice Beast         Ice/Summ       0%         N/A       100%        4
 Alistair's Intoxication  Tmut/Pois      0%         N/A       100%        5
 Blade Hands              Tmut           0%         N/A       100%        5
 Freezing Cloud           Conj/Ice/Air   0%         6-21      100%        5
 Lee's Rapid Deconstruct  Erth           0%         3d4*      100%        5
 Summon Forest            Summ/Tloc      0%         N/A       100%        5
 Summon Mana Viper        Hex/Summ       0%         N/A       100%        5
 Yara's Violent Unravell  Hex/Tmut       0%         3d3       100%        5
 Statue Form              Tmut/Erth      0%         N/A       100%        6
 Summon Cactus Giant      Summ           0%         N/A       100%        6
 Enfeeble                 Hex            0%         N/A       100%        7
 Storm Form               Tmut/Air       0%         N/A       100%        7


Dungeon Overview and Level Annotations

Branches:
Dungeon (12/15)            Temple (1/1) D:6            Lair (5/5) D:9
  Swamp (0/4) Lair:2        Snake (0/4) Lair:2        Slime (0/5) Lair:4
    Orc (0/2) D:12        Volcano (visited)

Altars:
Ashenzari
Cheibriados
Dithmenos
Elyvilon
Fedhas
Gozag
Hepliaklqana
Kikubaaqudgha
Makhleb
Nemelex Xobeh
Okawaru
Qazlal
Ru
Sif Muna
Trog
Uskayaw
Vehumet
Wu Jian
Xom
Yredelemnul
Zin
The Shining One
Jiyva

Shops:
D:6 [   D:8 *   D:10 ?

Portals:
Trove: D:11 (give horn of Geryon)

Annotations:
D:9 2 transporters
Lair:4 exclusion: oklob plant
Lair:5 2 runed translucent doors


Innate Abilities, Weirdness & Mutations

You have a pair of horns on your head.
You reflexively headbutt those who attack you in melee.


Message History

The skeletal warrior hits you but does no damage.
The skeletal warrior hits you with a +0 battleaxe!
* * * LOW HITPOINT WARNING * * *
The skeletal warrior completely misses you.
As you read the scroll of teleportation, it crumbles to dust.
You feel strangely unstable.
The skeletal warrior hits you but does no damage.
The skeletal warrior misses you.
The skeletal warrior hits you but does no damage.
You hit the skeletal warrior but do no damage.
The skeletal warrior is almost destroyed.
The skeletal warrior hits you with the +4 mace "Eraeleet" {speed, +Blink}!
* * * LOW HITPOINT WARNING * * *
The skeletal warrior hits you with the +4 mace "Eraeleet" {speed, +Blink}.
* * * LOW HITPOINT WARNING * * *
You hit the skeletal warrior but do no damage.
Your headbutt misses the skeletal warrior.
The skeletal warrior is almost destroyed.
The skeletal warrior barely misses you.
The skeletal warrior completely misses you.
The skeletal warrior barely misses you. You furiously retaliate!
You headbutt the skeletal warrior!
Press: ? - help, v - describe, . - travel
Here: a skeletal warrior, wielding the +4 mace "Eraeleet" {speed, +Blink} (moderately damaged, softly glowing)
The floor.
You barely miss the skeletal warrior.
The skeletal warrior is almost destroyed.
The skeletal warrior hits you but does no damage.
The skeletal warrior closely misses you.
You furiously retaliate!
You headbutt the skeletal warrior!
The skeletal warrior hits you with the +4 mace "Eraeleet" {speed, +Blink}!
* * * LOW HITPOINT WARNING * * *
You barely miss the skeletal warrior.
The skeletal warrior is almost destroyed.
The skeletal warrior stops glowing.
The skeletal warrior misses you. You furiously retaliate!
You headbutt the skeletal warrior! The skeletal warrior misses you.
You furiously retaliate!
You headbutt the skeletal warrior. The skeletal warrior misses you.
The skeletal warrior hits you with the +4 mace "Eraeleet" {speed, +Blink}!!
You die...

∙∙▒ ▒∙▒ ▒▒▒▒▒▒'▒▒ ▒▒ ▒∙▒ ▒∙▒ ▒∙∙▒
▒ ▒∙▒ ▒∙▒ ▒∙▒▒ ▒ ▒∙▒▒▒▒ ▒∙▒ ▒∙▒
▒▒ ∙∙∙∙∙▒▒▒▒▒▒▒▒'▒▒▒ ▒▒▒▒▒'▒▒▒▒▒∙
▒▒∙▒∙▒▒∙∙∙∙∙∙∙∙∙▒ ▒▒▒∙∙∙∙∙∙∙∙▒∙∙
∙∙∙▒∙▒▒∙∙∙∙∙∙∙∙∙▒▒▒∙∙'∙∙∙∙∙∙∙∙'∙▒
∙▒▒▒∙∙▒∙∙∙∙∙∙∙∙∙▒▒∙∙▒▒∙∙∙∙∙∙∙∙▒▒▒
∙▒∙▒∙∙∙∙∙∙∙∙∙∙∙zHz∙▒▒▒∙∙∙∙∙∙∙∙▒
∙▒∙▒∙▒∙∙∙∙∙∙∙∙∙z▒▒▒▒ ▒∙∙∙∙∙∙∙∙▒
∙▒∙∙∙▒▒∙∙∙∙∙∙∙∙∙▒ ▒∙∙∙∙∙∙∙∙▒
∙▒∙▒▒▒▒∙∙∙∙∙∙∙∙∙▒ ▒∙∙∙∙∙∙∙∙▒
∙▒∙∙∙▒▒▒▒▒▒▒▒'▒▒▒ ▒▒▒■▒▒▒▒▒▒
▒▒▒▒▒▒ ∙∙▒ ▒∙▒▒ >∙ ▒■▒


You could see 3 skeletal warriors.

Vanquished Creatures
  Nessos (D:12)
  3 hydras
  A two-headed ogre (D:9)
  3 boulder beetles
  A skeletal warrior (D:12)
  A skyshark (Lair:3)
  A fire crab (Lair:5)
  A cyclops (D:11)
  A toenail golem (Volcano)
  8 black mambas
  12 elephants (Lair:5)
  5 molten gargoyles
  A torpor snail (Lair:5)
  Maggie (D:10)
  A gargoyle (D:12)
  13 cane toads
  An unseen horror (D:10)
  3 rime drakes
  15 komodo dragons
  An efreet (Volcano)
  3 trolls
  A hornet (D:10)
  2 polar bears
  18 blink frogs
  7 dream sheep (Lair:4)
  2 vampires
  A wraith (D:11)
  8 wyverns
  40 yaks
  3 steam dragons
  8 basilisks
  6 vampire mosquitoes
  3 nagas (Lair:2)
  2 acid dragons
  11 water moccasins
  2 hell hounds (Lair:5)
  A sky beast (D:8)
  2 black bears
  3 ice beasts
  2 orc warriors (D:9)
  3 ogres
  11 centaurs
  9 wolves (Lair:4)
  2 phantoms (D:6)
  3 kobold brigands
  9 bullfrogs
  2 scorpions
  An earth elemental (Volcano)
  4 killer bees (D:9)
  5 howler monkeys
  2 electric eels (D:7)
  5 lava snakes (Lair:5)
  A hound (D:6)
  16 jellies
  5 orc priests
  3 gnoll boudas
  2 iguanas (D:4)
  Terence (D:2)
  A sleepcap (D:5)
  7 orc wizards
  Robin (D:2)
  7 adders
  17 gnolls
  3 shadow imps (D:6)
  3 white imps
  An ufetubus (D:6)
  2 worms (D:3)
  3 dart slugs
  21 orcs
  6 ball pythons
  3 bats
  11 endoplasms
  A giant cockroach (D:2)
  11 hobgoblins
  21 kobolds
  2 quokkas
  6 frilled lizards
  13 goblins
  5 rats
  A fire vortex (Volcano)
429 creatures vanquished.

Vanquished Creatures (others)
  A hell hound (Lair:5)
1 creature vanquished.

Grand Total: 430 creatures vanquished

Notes
Turn   | Place    | Note
-------+----------+-------------------------------------------
     0 | D:1      | Zeor the Minotaur Monk began the quest for the Orb.
     0 | D:1      | Reached XP level 1. HP: 19/19 MP: 0/0
   184 | D:1      | Reached XP level 2. HP: 27/27 MP: 1/1
   235 | D:1      | Reached skill level 4 in Long Blades
   538 | D:1      | Reached XP level 3. HP: 33/33 MP: 2/2
  1092 | D:2      | Found a sacrificial altar of Ru.
  1281 | D:2      | Noticed Terence
  1299 | D:2      | Killed Terence
  1300 | D:2      | Reached XP level 4. HP: 14/40 MP: 3/3
  1508 | D:2      | Reached skill level 5 in Long Blades
  1588 | D:2      | Noticed Robin
  1610 | D:2      | Reached skill level 1 in Armour
  1629 | D:2      | Reached XP level 5. HP: 20/47 MP: 4/4
  1632 | D:2      | Killed Robin
  2338 | D:3      | Found a faded altar of an unknown god.
  2338 | D:3      | Noticed a green death
  2368 | D:3      | Identified the +3 scale mail of the Armadillo {Int+3}
  2748 | D:4      | Reached skill level 6 in Long Blades
  2936 | D:4      | Reached XP level 6. HP: 40/55 MP: 5/5
  3241 | D:4      | Reached skill level 5 in Fighting
  3357 | D:5      | Entered Level 5 of the Dungeon
  3370 | D:5      | Noticed an ice beast
  3373 | D:5      | Reached skill level 7 in Long Blades
  3381 | D:5      | Killed an ice beast
  3382 | D:5      | Reached XP level 7. HP: 61/61 MP: 6/6
  3421 | D:5      | Found a large runed translucent door.
  3422 | D:5      | Found a large runed translucent door.
  3758 | D:5      | Reached skill level 8 in Long Blades
  4345 | D:5      | Found a blossoming altar of Fedhas.
  4356 | D:5      | Found a snail-covered altar of Cheibriados.
  4360 | D:5      | Reached skill level 5 in Armour
  4446 | D:6      | Reached skill level 1 in Stealth
  4474 | D:6      | Reached XP level 8. HP: 41/70 MP: 7/7
  4615 | D:6      | Identified the ring of the Trout {Ice SInv}
  4848 | D:6      | Found Esagyps's Antique Armour Emporium.
  4865 | D:6      | Reached skill level 9 in Long Blades
  4872 | D:6      | Bought a shiny chain mail for 217 gold pieces
  4916 | D:6      | Found a staircase to the Ecumenical Temple.
  4938 | Temple   | Entered the Ecumenical Temple
  5010 | Temple   | Became a worshipper of Zin the Law-Giver
  5010 | Temple   | Reached * piety under Zin
  5010 | Temple   | Reached ** piety under Zin
  5011 | Temple   | Donated 82 gold pieces to Zin
  5150 | D:6      | Found a burning altar of Makhleb.
  5155 | D:6      | Reached *** piety under Zin
  5440 | D:7      | Reached skill level 1 in Invocations
  5943 | D:7      | Reached XP level 9. HP: 71/78 MP: 9/9
  5981 | D:7      | Found a shimmering altar of Xom.
  5981 | D:7      | Found a bloodstained altar of Trog.
  6623 | D:8      | Reached skill level 10 in Long Blades
  6650 | D:8      | Found Iheinor's Assorted Antiques.
  6789 | D:8      | Bought a scroll of teleportation for 72 gold pieces
  6789 | D:8      | Bought a scroll labelled BOPSA NAGH for 24 gold pieces
  7282 | D:8      | Reached **** piety under Zin
  7292 | D:8      | Found a shimmering blue altar of Sif Muna.
  7566 | D:9      | Found a staircase to the Lair.
  7580 | D:9      | Reached skill level 11 in Long Blades
  7629 | D:9      | Reached skill level 5 in Dodging
  7646 | D:9      | Found a radiant altar of Vehumet.
  7648 | D:9      | Noticed a cyclops
  7650 | D:9      | Found a transporter.
  7650 | D:9      | Noticed a centaur warrior
  7656 | D:9      | Found a transporter.
  7905 | D:9      | Reached XP level 10. HP: 67/88 MP: 12/12
  8146 | D:9      | Found a sparkling altar of Nemelex Xobeh.
  8146 | D:9      | Noticed a two-headed ogre
  8163 | D:9      | Killed a two-headed ogre
  8407 | D:10     | Entered Level 10 of the Dungeon
  8450 | D:10     | Reached skill level 12 in Long Blades
  8483 | D:10     | Reached skill level 5 in Invocations
  8654 | D:10     | Found an iron altar of Okawaru.
  8678 | D:10     | Found a stormy altar of Qazlal.
  8735 | D:10     | Paralysed by a hornet for 3 turns
  8740 | D:10     | Paralysed by a hornet for 1 turns
  9024 | D:10     | Found Xoroniwn's Magic Scroll Shoppe.
  9031 | D:10     | Bought a scroll of blinking for 82 gold pieces
  9031 | D:10     | Bought a scroll of teleportation for 33 gold pieces
  9068 | D:10     | Noticed Maggie
  9085 | D:10     | Killed Maggie
  9298 | D:10     | Reached skill level 10 in Armour
  9772 | Lair:1   | Entered Level 1 of the Lair of Beasts
  9801 | Lair:1   | Reached ***** piety under Zin
  9971 | Lair:1   | Reached skill level 13 in Long Blades
  9971 | Lair:1   | Reached XP level 11. HP: 69/95 MP: 14/14
 11257 | Lair:2   | Found a staircase to the Snake Pit.
 11585 | Lair:2   | Found a staircase to the Swamp.
 12212 | Lair:3   | Noticed a five-headed hydra
 12220 | Lair:2   | ugh
 12293 | Lair:3   | Reached skill level 14 in Long Blades
 12502 | Lair:3   | Noticed a four-headed hydra
 12639 | Lair:4   | Noticed an oklob plant
 12679 | Lair:4   | Reached skill level 10 in Fighting
 12744 | Lair:4   | Reached XP level 12. HP: 35/106 MP: 16/16
 12992 | Lair:4   | Noticed an eight-headed hydra
 13018 | Lair:4   | Noticed a boulder beetle
 13062 | Lair:4   | HP: 2/107 [boulder beetle (10)]
 13880 | Lair:4   | Noticed a boulder beetle
 13916 | Lair:4   | Killed a boulder beetle
 14858 | Lair:3   | Reached ****** piety under Zin
 14894 | Lair:3   | Killed a one-headed hydra
 14895 | Lair:3   | Reached skill level 1 in Throwing
 15132 | Lair:4   | Killed a boulder beetle
 15199 | Lair:4   | Reached skill level 15 in Long Blades
 15539 | Lair:4   | Killed a two-headed hydra
 15553 | Lair:4   | Found a staircase to the Slime Pits.
 15554 | Lair:4   | Found a viscous altar of Jiyva.
 15905 | Lair:5   | Entered Level 5 of the Lair of Beasts
 16004 | Lair:5   | Reached XP level 13. HP: 96/118 MP: 18/18
 16091 | Lair:5   | Found a dark tunnel.
 16099 | Volcano  | Entered a volcano
 17103 | Lair:5   | Found a snail-covered altar of Cheibriados.
 17778 | Lair:5   | Found a large runed translucent door.
 17778 | Lair:5   | Found a large runed translucent door.
 18162 | Lair:5   | Noticed a fire dragon
 18760 | Lair:5   | Reached skill level 10 in Invocations
 18828 | Lair:5   | Reached skill level 16 in Long Blades
 20272 | D:11     | Reached XP level 14. HP: 131/132 MP: 20/20
 20348 | D:11     | Found a portal to a secret trove of treasure.
 21101 | D:12     | Noticed Nessos
 21118 | D:12     | Killed Nessos
 21383 | D:12     | Found a staircase to the Orcish Mines.
 21724 | D:12     | Identified the +4 mace "Eraeleet" {speed, +Blink}
 21741 | D:12     | Mangled by a skeletal warrior

Illustrated notes

∙▒ ▒∙∙∙▒ ▒∙∙∙∙∙#∙##∙∙∙∙∙∙▒
▒▒∙∙∙
▒▒▒▒∙∙∙▒▒▒∙∙∙∙∙∙>∙∙∙∙∙∙∙∙▒
▒▒∙~
∙▒▒P∙∙▒▒▒∙∙∙∙∙∙##∙∙∙∙∙∙∙∙▒
▒▒▒
∙∙∙∙∙∙∙▒▒▒∙∙∙∙∙∙∙∙∙∙∙∙∙∙∙▒▒
∙∙∙∙∙∙▒▒▒▒∙∙∙∙∙∙∙∙∙∙∙∙∙∙∙∙▒
∙▒▒∙∙∙∙▒∙∙∙∙∙∙∙∙∙∙∙∙∙∙∙∙∙)▒
P▒∙▒∙∙∙∙∙∙∙∙∙∙∙∙∙∙∙∙∙▒∙∙∙▒▒
▒▒▒▒∙∙∙∙∙∙∙∙∙∙∙∙∙∙∙∙∙▒▒∙∙▒▒
▒∙∙P∙▒▒∙∙▒▒▒∙H∙∙∙∙∙▒∙∙∙▒
▒∙∙P▒▒▒∙∙▒ ▒∙∙∙∙∙∙▒▒∙∙▒▒ ▒
▒∙∙∙▒ ▒∙∙▒▒▒∙∙∙∙∙∙▒∙∙∙▒
▒▒▒▒∙∙▒▒ ▒∙∙∙▒▒∙∙∙∙∙∙∙∙∙∙▒
▒▒∙▒÷∙∙▒
▒∙∙▒▒▒∙∙∙∙∙∙P∙∙∙▒▒▒
▒▒▒∙∙∙▒▒
▒∙∙▒▒▒∙∙∙∙∙∙∙∙∙∙∙∙▒ ▒ ▒▒∙∙▒
▒∙∙▒▒∙∙∙∙∙∙∙▒▒∙∙▒▒▒ ▒ ▒∙∙▒
▒∙∙▒▒▒∙∙∙∙∙∙▒∙∙∙▒ ▒ ▒▒∙∙▒▒
▒∙∙▒▒∙∙∙∙∙∙∙▒▒∙∙▒


Turn 12220 on Lair:2: ugh

Levels and vault maps discovered:
D:1:      dpeg_arrival_leaves_temple_mockup, layout_loops_corners,
          wad_floor_pattern_2, columned_hall_lemuel,
          chequers_serial_rivers_large_a, minmay_misc_feat_cross
D:2:      layout_basic, basic_altar, uniq_terence, uniq_robin
D:3:      layout_loops_ring, dreamdust_ecumenical_altar_sealed_demon
D:4:      layout_cave_pools, minmay_misc_feat_ornament
D:5:      layout_cave_pods, jmf_multi_god_temple2, corexii_hall_statues_i
D:6:      layout_basic, old_standard_altar, minmay_temple_entry_wispy,
          kennysheep_diamond
D:7:      layout_basic, nicolae_overflow_two_pavilions
D:8:      layout_cave_pools, general_overflow_altar, serial_shops, shop
D:9:      layout_roguey, gammafunk_temple_overflow_arena,
          nemelex_xobeh_ov_fountains_minmay
D:10:     layout_loops_cross, mainiacjoe_overflow_swirl, serial_shops,
          nicolae_shop_tiny_statue_garden, uniq_maggie
D:11:     layout_roguey, enter_trove_6
D:12:     layout_roguey, orc_0_dummy, uniq_nessos
Temple:   nicolae_temple_x_marks_the_god
Lair:1:   layout_loops_ring
Lair:2:   dreamdust_cave_troll, layout_long_grid, swamp_mist,
          guppyfry_snake_entry_island, serial_bayou_shore_b
Lair:3:   layout_hall_layers
Lair:4:   layout_regular_city, minmay_slime_entry_jelly_boxes,
          minmay_lair_oklob_items, chequers_serial_rivers_small_b,
          grunt_megastairs_5, serial_bayou_shore_b
Lair:5:   cheibrodos_lair_end_hotspot, layout_small_grid,
          lightli_volcano_entry_magma_tube, lemuel_centaur_altar

Skill      XL: |  1  2  3  4  5  6  7  8  9 10 11 12 13 |
---------------+----------------------------------------+-----
Fighting       | 4 5 6 7 8 10 12 14 | 14.2
Long Blades    | 4 5 6 7 8 9 11 13 14 15 16 | 16.4
Dodging        | 4 5 6 7 |  7.1
Armour         | 1 2 3 5 7 8 10 12 13 14 | 14.8
Stealth        | 1 2 |  2.0
Invocations    | 1 4 5 7 9 10 | 10.3
Throwing       | 1 |  1.4

Action                     |  1- 3 |  4- 6 |  7- 9 | 10-12 | 13-15 || total
---------------------------+-------+-------+-------+-------+-------++-------
  Melee: Falchion          |    61 |   116 |   267 |   381 |    14 ||   839
         Headbutt          |    11 |    19 |    54 |   191 |   132 ||   407
         Scimitar          |       |       |       |   220 |   360 ||   580
         Great sword       |       |       |       |       |    54 ||    54
  Throw: Javelin           |       |       |       |     1 |       ||     1
         Dart              |       |       |       |     3 |       ||     3
 Invoke: Recite            |       |       |     6 |     4 |     7 ||    17
         Donate Gold       |       |       |     1 |       |       ||     1
         Vitalisation      |       |       |     1 |     2 |     2 ||     5
  Evoke: Tin of tremorston |       |       |       |     1 |       ||     1
         Wand              |       |       |       |       |     1 ||     1
    Use: Potion            |     1 |       |     1 |     4 |     6 ||    12
         Scroll            |       |    12 |     8 |    11 |     6 ||    37
   Stab: Confused          |       |       |     2 |       |     3 ||     5
         Invisible         |       |       |       |     1 |     1 ||     2
 Armour: Robe              |     5 |       |       |       |       ||     5
         Chain mail        |     7 |    24 |    93 |   222 |   135 ||   481
         Plate armour      |       |     7 |       |       |       ||     7
         Scale mail        |       |    10 |    22 |       |       ||    32
  Dodge: Dodged            |    27 |    34 |   133 |   317 |   262 ||   773
